AoeStats
← TujaMuriGTI

Black Forest

510769563Analyzed
2v2 RM · 22h ago on Oct 2, 2026· 63m 29s· 4 players
Game mode
Random Map
Map size
Medium (4 player)
Population
200
Speed
Normal
Resources
Standard
Victory
Conquest
Starting age
Dark Age
Ending age
Imperial Age
RankedLock teamsTeams togetherTeam positionsShared explorationLock speedFull tech treeHidden civsTurbo modeCheats
Victory
Defeat
🇪🇸 Khmer · Spain
828
+18
🇪🇸 Maya · Spain
826
+18
🇧🇷 Khitans · Brazil
879
-18
🇪🇸 Italians · Spain
867
-18
masate_
1:46 Loom
13:47 Feudal Age
16:19 Double-Bit Axe
21:16 Castle Age
19:13 Horse Collar
19:50 Fletching
20:09 Gold Mining
22:24 Stone Mining
23:46 Bow Saw
25:15 Bodkin Arrow
25:21 Padded Archer Armor
26:01 Stone Shaft Mining
26:54 Wheelbarrow
26:38 Heavy Plow
30:20 Leather Archer Armor
31:18 Thumb Ring
30:37 Crossbowman
31:52 Hand Cart
32:09 Ballistics
32:03 Squires
36:09 Imperial Age
35:56 Forging
35:47 Scale Mail Armor
36:00 Murder Holes
37:31 Bracer
38:47 Chemistry
40:43 Elite Genoese Crossbowman
41:26 Pikeman
48:07 Crop Rotation
51:08 Two-Man Saw
51:03 Ring Archer Armor
51:09 Iron Casting
50:50 Chain Mail Armor
50:28 Onager
56:39 Blast Furnace
56:10 Plate Mail Armor
Joe Camel
5:29 Loom
11:19 Feudal Age
15:40 Castle Age
17:43 Wheelbarrow
17:36 Double-Bit Axe
19:20 Bow Saw
23:02 Lamellar Armor
23:30 Hand Cart
24:26 Domestication
27:15 Pastoralism
27:07 Gold Mining
28:07 Forging
28:03 Scale Barding Armor
28:40 Town Watch
29:17 Light Cavalry
29:57 Husbandry
30:20 Chain Barding Armor
30:36 Iron Casting
30:38 Town Patrol
34:58 Imperial Age
36:16 Plate Barding Armor
36:45 Chemistry
35:54 Siege Engineers
36:41 Hussar
40:42 Two-Man Saw
40:14 Transhumance
Rasel
1:11 Loom
13:08 Feudal Age
13:35 Double-Bit Axe
13:32 Horse Collar
18:41 Castle Age
23:49 Gold Mining
24:12 Bow Saw
24:32 Heavy Plow
30:01 Husbandry
30:12 Bloodlines
31:39 Fletching
36:27 Imperial Age
34:33 Wheelbarrow
34:07 Bodkin Arrow
34:16 Padded Archer Armor
34:29 Caravan
36:40 Gold Shaft Mining
37:17 Leather Archer Armor
37:13 Forging
37:09 Scale Barding Armor
36:43 Elite Battle Elephant
37:47 Bracer
37:38 Elite Ballista Elephant
38:23 Tusk Swords
45:17 Ring Archer Armor
45:08 Chain Barding Armor
45:24 Iron Casting
47:23 Double Crossbow
63:31 Blast Furnace
TujaMuriGTI
0:27 Loom
10:12 Feudal Age
14:13 Double-Bit Axe
19:59 Castle Age
18:03 Horse Collar
18:25 Stone Mining
23:23 Bow Saw
24:39 Fortified Wall
24:26 Gold Mining
26:07 Wheelbarrow
28:26 Hand Cart
29:09 Heavy Plow
33:01 Imperial Age
31:20 Fishing Lines
32:38 Forging
32:30 Scale Mail Armor
32:21 Fletching
33:26 Eagle Warrior
34:44 Iron Casting
34:24 Chain Mail Armor
34:04 Treadmill Crane
34:51 Ballistics
35:32 Chemistry
34:05 Pikeman
35:33 Caravan
36:18 Halberdier
36:46 Arson
37:36 Elite Eagle Warrior
39:02 Hoardings
38:34 Squires
38:34 Murder Holes
39:59 Coinage
39:39 Guilds
40:33 Blast Furnace
40:04 Plate Mail Armor
39:30 Bodkin Arrow
38:59 Elite Skirmisher
39:45 Thumb Ring
40:36 Conscription
40:32 Gillnets
41:53 Holcans
46:05 Hul'che Javelineers
46:12 Bracer
Connection lost

Rejoining the realm…

Still unreachable

The connection could not be restored.

Session expired

The server has moved on; the page needs a fresh start.